[Event "Early-Titled-Tuesday-Blitz-February-13-2024"]
[Site "Chess.com"]
[Date "2024.02.13"]
[Round "6"]
[White "Dinamo3"]
[Black "kidagent"]
[Result "1-0"]
[WhiteElo "2529"]
[BlackElo "2338"]
[TimeControl "180+1"]
[EndTime "9:09:26 PST"]
[Termination "Dinamo3 won by resignation"]

1. c4 c6 2. Nc3 d5 3. cxd5 cxd5 4. d4 Nf6 5. Bf4 Nc6 6. e3 Bf5 7. Qb3 Na5 8. Qa4+ Bd7 9. Qc2 Rc8 10. Bd3 e6 11.
Nf3 Nc4 12. O-O Be7 13. Qe2 O-O 14. Ne5 Nxe5 15. Bxe5 a6 16. Rac1 b5 17. a3 Bc6 18.
h3 Ne4 19. Nxe4 dxe4 20. Bb1 f5 21. Ba2 Bd5 22. Rxc8 Qxc8 23. Bxd5 exd5 24. Qd2 Qd7 25. Rc1 Rc8 26. Rc3 Rxc3 27. Qxc3 Bd8 28. Qc5 Kf7 29.
b4 g6 30. g3 Bf6 31. Bf4 Be7 32. Qb6 Qe6 33. Qb7 Ke8 34. h4 Qd7 35. Qxa6 Kf7 36. Kg2 Kg7 37. Be5+ Kh6 38. Qa8 Bd8 39. Qb8 g5 40. hxg5+ Kxg5 41. Bf4+ Kg6 42. Be5 h5 43. Qa8 Kf7 44. Qa6 1-0

[Event "Early-Titled-Tuesday-Blitz-February-13-2024"]
[Site "Chess.com"]
[Date "2024.02.13"]
[Round "6"]
[White "Louis-Paulsen-Fan"]
[Black "regenda"]
[Result "1-0"]
[WhiteElo "2270"]
[BlackElo "2086"]
[TimeControl "180+1"]
[EndTime "9:09:26 PST"]
[Termination "Louis-Paulsen-Fan won by resignation"]

1. d4 Nf6 2. Nf3 c5 3. d5 e6 4. c4 exd5 5. cxd5 Bd6 6. Nc3 O-O 7. g3 Re8 8. Bg2 Bc7 9. O-O d6 10. Nd2 Nbd7 11. a4 Rb8 12. e4 a6 13. f4 b5 14.
axb5 axb5 15. b4 cxb4 16. Na2 Ba5 17. Rb1 Nc5 18. Nxb4 Bxb4 19. Rxb4 Nd3 20. Rb1 Bg4 21. Qc2 Qb6+ 22. Kh1 Nf2+ 23. Rxf2 Qxf2 24. Bb2 Rbc8 25. Qd3 Be2 26. Qb3 Bc4 27. Qb4 Nxe4 28. Nxe4 Bxd5 29. Rf1 Qe2 30. Qd4 f6 31. Qxd5+ Kh8 32. Nxd6 Qxb2 33. Nf7+ 1-0

[Event "Early-Titled-Tuesday-Blitz-February-13-2024"]
[Site "Chess.com"]
[Date "2024.02.13"]
[Round "6"]
[White "Sina_Movahed"]
[Black "RobertoJBM"]
[Result "1-0"]
[WhiteElo "2993"]
[BlackElo "2803"]
[TimeControl "180+1"]
[EndTime "9:09:27 PST"]
[Termination "Sina_Movahed won on time"]

1. Nf3 d5 2. c4 c6 3. g3 dxc4 4. Bg2 b5 5. O-O Bb7 6. b3 cxb3 7. Qxb3 a6 8. Ba3 Nd7 9. Rc1 c5 10. Ng5 c4 11. Rxc4 bxc4 12. Qxb7 Rb8 13. Qxa6 e6 14. Bxf8 Kxf8 15. Ne4 Qb6 16. Qxc4 Ngf6 17. Nbc3 Ke7 18.
Nxf6 Nxf6 19. Rb1 Qd6 20. Nb5 Qe5 21. Qb4+ Kd7 22. d4 Qf5 23. Qd6+ 1-0

[Event "Early-Titled-Tuesday-Blitz-February-13-2024"]
[Site "Chess.com"]
[Date "2024.02.13"]
[Round "6"]
[White "Predator0608"]
[Black "Brave_spirit12"]
[Result "1-0"]
[WhiteElo "2585"]
[BlackElo "2738"]
[TimeControl "180+1"]
[EndTime "9:09:27 PST"]
[Termination "Predator0608 won by resignation"]

1. f4 e5 2. fxe5 d6 3. exd6 Bxd6 4. Nf3 g5 5. g3 g4 6. Nh4 Ne7 7. c3 Ng6 8. Nxg6 hxg6 9. Bg2 Rxh2 10. Rxh2 Bxg3+ 11.
Kf1 Qf6+ 12. Kg1 Qf2+ 13. Kh1 Bxh2 14. Kxh2 g3+ 15. Kh1 Bh3 16. Qg1 Bxg2+ 17. Qxg2 Qf4 18. Na3 Nc6 19. d3 Qh4+ 20. Kg1 O-O-O 21. Bd2 Ne5 22. Rf1 f5 23. Bf4 Ng4 24. Bxg3 Qe7 25. Rf3 Qe6 26. Nc4 Re8 27. e3 Qd5 28. Rf4 Qxd3 29. Rd4 Qb1+ 30. Qf1 Qxa2 31. Qf4 Qb1+ 32. Kg2 Re7 33. Qg5 Qc2+ 34.
Kf3 Re8 35. Qxg6 Qa4 36. Qxf5+ Kb8 37. Qxg4 Qc6+ 38. Kf2 Rf8+ 39. Bf4 b5 40. Ne5 Qh1 41. Nd7+ Kb7 42. Nxf8 1-0

[Event "Early-Titled-Tuesday-Blitz-February-13-2024"]
[Site "Chess.com"]
[Date "2024.02.13"]
[Round "6"]
[White "RantomOpening"]
[Black "Nellichka"]
[Result "1-0"]
[WhiteElo "2480"]
[BlackElo "2079"]
[TimeControl "180+1"]
[EndTime "9:09:27 PST"]
[Termination "RantomOpening won on time"]

1. d4 Nf6 2. Nf3 c5 3. e3 d5 4. b3 Bg4 5. Be2 Nc6 6. Bb2 Bxf3 7. Bxf3 cxd4 8. exd4 e6 9. O-O Bd6 10. Nd2 O-O 11. g3 Qb6 12. c3 Rac8 13. Bg2 a5 14. a4 Rfd8 15. Nf3 e5 16. dxe5 Nxe5 17.
Nd4 Bc5 18. Re1 Bxd4 19. cxd4 Nc6 20. Rc1 Nb4 21. Qd2 h6 22. h3 Qa6 23. Bf1 Qd6 24.
Bg2 Re8 25. Ba3 Qb6 26. Bxb4 axb4 27. Re5 Rxc1+ 28. Qxc1 Qxd4 29. Rxe8+ Nxe8 30. Qc8 Qe5 31. Qxb7 d4 32. Qe4 f6 33. Qxe5 fxe5 34. a5 Nc7 35. Bb7 d3 36. Kf1 Nb5 37. Ba6 Na7 38. Bxd3 Kf7 39. Ke2 Ke6 40. Ke3 Kd5 41. Bc4+ Kd6 42. Ke4 Nc6 43. a6 Na7 44. Bd5 Kc5 45. Kxe5 Kb6 46.
Bc4 Nc6+ 47. Kd6 Nb8 48. f4 1-0

[Event "Early-Titled-Tuesday-Blitz-February-13-2024"]
[Site "Chess.com"]
[Date "2024.02.13"]
[Round "6"]
[White "ACollins05"]
[Black "Ready4abattle"]
[Result "0-1"]
[WhiteElo "2432"]
[BlackElo "2257"]
[TimeControl "180+1"]
[EndTime "9:09:28 PST"]
[Termination "Ready4abattle won by resignation"]

1. e4 c5 2. Nf3 Nc6 3. c3 d5 4. exd5 Qxd5 5. d4 Bf5 6. Be3 Nf6 7.
Be2 e6 8. dxc5 Qxd1+ 9. Bxd1 Ng4 10. b4 Nxe3 11. fxe3 a5 12. Nd4 Bxb1 13. Nxc6 bxc6 14. Rxb1 axb4 15. cxb4 Rxa2 16. Bf3 Kd7 17. O-O Be7 18. b5 Bxc5 19. bxc6+ Kd6 20. Rfd1+ Ke5 21. Rb5 Rc2 22. c7 Rc8 23. Rd7 Kf6 24. Rb7 Bxe3+ 25.
Kf1 Bf4 26. Be4 R2xc7 27. Rbxc7 Rxc7 28. Rxc7 Bxc7 29. h3 h6 30. Ke2 Ke5 31. Kf3 f5 32. Bb1 g5 33. g4 Bb6 34. Bc2 f4 35. Bh7 Kd4 36. Bg8 e5 37. Bh7 Kc3 38. Be4 Bd4 39. Ba8 Kd2 40. Bb7 Ke1 41. Kg2 Ke2 42. Bc6 Ke3 43.
Ba4 e4 44. Bc6 f3+ 45. Kf1 Kf4 46. Bd5 e3 47. Bc4 Bc3 48. Ba6 Kg3 49. Bb7 e2+ 0-1

[Event "Early-Titled-Tuesday-Blitz-February-13-2024"]
[Site "Chess.com"]
[Date "2024.02.13"]
[Round "6"]
[White "Cheer_Down"]
[Black "Witty_Alien"]
[Result "0-1"]
[WhiteElo "2500"]
[BlackElo "2314"]
[TimeControl "180+1"]
[EndTime "9:09:29 PST"]
[Termination "Witty_Alien won by checkmate"]

1. e4 c5 2. Nf3 d6 3. d4 cxd4 4. Nxd4 Nf6 5. Nc3 a6 6. Rg1 g6 7.
g4 Bg7 8. g5 Nfd7 9. Be3 Nc6 10. f4 O-O 11. h4 Qb6 12. Nd5 Qxb2 13. Nxc6 bxc6 14. Rb1 Qxa2 15. Nxe7+ Kh8 16. Nxc8 Raxc8 17. Bd3 Nc5 18. Bxc5 dxc5 19. e5 Rcd8 20. Ra1 Qe6 21. Qe2 Rd4 22. Rf1 c4 23. Be4 Rfd8 24. Rxa6 Bxe5 25.
Rxc6 Rd1+ 26. Qxd1 Rxd1+ 27. Kxd1 Qg4+ 28. Bf3 Qxf4 29. Ke2 Bd4 30. Rc8+ Kg7 31. Re8 Qh2+ 32. Kd1 c3 33.
Be2 Qxh4 34. Bc4 Qxg5 35. Rxf7+ Kh6 36. Rf1 Qd2# 0-1

[Event "Early-Titled-Tuesday-Blitz-February-13-2024"]
[Site "Chess.com"]
[Date "2024.02.13"]
[Round "6"]
[White "HelvertHernandez"]
[Black "BeardedNM"]
[Result "1-0"]
[WhiteElo "1964"]
[BlackElo "2188"]
[TimeControl "180+1"]
[EndTime "9:09:29 PST"]
[Termination "HelvertHernandez won by resignation"]

1. e4 e6 2. d4 d5 3. exd5 exd5 4. Nf3 Bd6 5. Bd3 Nc6 6. O-O Bg4 7. Re1+ Nge7 8. c3 f6 9. Nbd2 Qd7 10. Nf1 O-O-O 11.
b4 Rde8 12. a4 Nf5 13. Ne3 Nxe3 14. Bxe3 Ne7 15. a5 Kb8 16. b5 Nf5 17. b6 a6 18.
bxc7+ Bxc7 19. Qb3 Bxf3 20. gxf3 Nh4 21. Bxa6 Nxf3+ 22. Kf1 Bxh2 23. Reb1 Re7 24. Ke2 Qg4 25. Qb4 Nxd4+ 26.
Kd2 Qe2+ 27. Bxe2 1-0

[Event "Early-Titled-Tuesday-Blitz-February-13-2024"]
[Site "Chess.com"]
[Date "2024.02.13"]
[Round "6"]
[White "GasconJR"]
[Black "jocmil"]
[Result "0-1"]
[WhiteElo "2559"]
[BlackElo "2749"]
[TimeControl "180+1"]
[EndTime "9:09:30 PST"]
[Termination "jocmil won by resignation"]

1. e4 c6 2. d4 d5 3. exd5 cxd5 4. Bd3 Nc6 5. c3 Nf6 6. Bf4 Bg4 7. Qb3 Qc8 8. Nd2 e6 9. Ngf3 Be7 10. O-O O-O 11.
Rae1 Bh5 12. Ne5 Nxe5 13. Bxe5 Bg6 14. Bxg6 hxg6 15. Nf3 Ne4 16. h4 Qc6 17. Bf4 Bd6 18. Bxd6 Qxd6 19. Qd1 Qf4 20. g3 Qf5 21. Kg2 f6 22.
Rh1 g5 23. hxg5 fxg5 24. Ref1 g4 25. Ne5 Nxf2 26. Qe2 Qe4+ 27. Qxe4 Nxe4 28. Rh8+ Kxh8 29. Ng6+ Kh7 30. Nxf8+ Kg8 31. Nxe6 Nd2 32. Rf5 Nc4 33.
Rxd5 Ne3+ 0-1

[Event "Early-Titled-Tuesday-Blitz-February-13-2024"]
[Site "Chess.com"]
[Date "2024.02.13"]
[Round "6"]
[White "HATilay"]
[Black "MarcoRiehle"]
[Result "0-1"]
[WhiteElo "2528"]
[BlackElo "2875"]
[TimeControl "180+1"]
[EndTime "9:09:31 PST"]
[Termination "MarcoRiehle won on time"]

1. e4 e5 2. Nf3 Nf6 3. Nxe5 Nxe4 4. Qe2 Qe7 5. Qxe4 d6 6. d4 dxe5 7. Qxe5 Qxe5+ 8. dxe5 Bf5 9. c3 Nd7 10. Bf4 O-O-O 11.
Nd2 Nxe5 12. Bxe5 Re8 13. Nf3 f6 14. Be2 fxe5 15. O-O Bd6 16. Nd2 e4 17. Nc4 Bf4 18. g3 Bh6 19. Rfe1 Rd8 20. Rad1 Rxd1 21. Rxd1 Be6 22. a3 Rf8 23. Kg2 Rd8 24. Rxd8+ Kxd8 25. Ne3 g6 26. Kf1 c6 27. Ke1 b5 28. Kd2 Kc7 29. Kc2 a5 30. b4 a4 31. c4 Kb6 32.
cxb5 cxb5 33. Nd1 Bb3+ 34. Kb1 Bg7 35. f3 exf3 36. Bxf3 Bd4 37. Nb2 Bg1 38. h3 Be6 39. Bg2 Bf5+ 40. Kc1 Be3+ 41. Kd1 Bd4 42. Kc1 h5 43.
Nd1 Kc7 44. Kd2 Be6 45. Bf1 Kb6 0-1

[Event "Early-Titled-Tuesday-Blitz-February-13-2024"]
[Site "Chess.com"]
[Date "2024.02.13"]
[Round "6"]
[White "DenLaz"]
[Black "alexrustemov"]
[Result "1-0"]
[WhiteElo "3051"]
[BlackElo "2828"]
[TimeControl "180+1"]
[EndTime "9:09:34 PST"]
[Termination "DenLaz won by resignation"]

1. d4 g6 2. c4 Bg7 3. Nf3 c5 4. d5 f5 5. g3 Nf6 6. Bg2 d6 7. O-O O-O 8. Nc3 Na6 9. e4 Nc7 10. exf5 Bxf5 11. Re1 Qd7 12. Bf4 a6 13.
a4 b6 14. Qd2 Rab8 15. Ng5 h6 16. Ne6 Nxe6 17. dxe6 Bxe6 18. Bxh6 Bxc4 19. Ne4 Rbe8 20.
Bxg7 Kxg7 21. Ng5 e5 22. b4 cxb4 23. Qxb4 b5 24. axb5 axb5 25. Ra6 d5 26. Rea1 Re7 27. Bh3 Qc7 28. Ra7 1-0

[Event "Early-Titled-Tuesday-Blitz-February-13-2024"]
[Site "Chess.com"]
[Date "2024.02.13"]
[Round "6"]
[White "CFalcons8"]
[Black "Leebit02"]
[Result "1-0"]
[WhiteElo "2383"]
[BlackElo "2531"]
[TimeControl "180+1"]
[EndTime "9:09:34 PST"]
[Termination "CFalcons8 won by resignation"]

1. d4 d5 2. c4 dxc4 3. e3 Nf6 4. Bxc4 e6 5. Nf3 c5 6. O-O a6 7. a4 Nc6 8. b3 cxd4 9. exd4 Be7 10. Bb2 O-O 11.
Qe2 Nb4 12. Nbd2 Bd7 13. Ne5 Bc6 14. Nxc6 Nxc6 15. Nf3 Rc8 16. Rfd1 Na5 17. Rac1 Qb6 18. Bc3 Bb4 19. Ne5 Bxc3 20. Rxc3 Rfd8 21. Rcd3 Nd5 22. Qg4 f6 23. Rg3 Rc7 24. Nf3 Re7 25. Re1 Qc6 26.
Bd3 Nb4 27. Be4 Qe8 28. Qh4 f5 29. Bxf5 Nac6 30. Qxh7+ 1-0

[Event "Early-Titled-Tuesday-Blitz-February-13-2024"]
[Site "Chess.com"]
[Date "2024.02.13"]
[Round "6"]
[White "Elsa167"]
[Black "kingofthenil"]
[Result "0-1"]
[WhiteElo "2901"]
[BlackElo "2713"]
[TimeControl "180+1"]
[EndTime "9:09:36 PST"]
[Termination "kingofthenil won on time"]

1. e4 Nc6 2. Nf3 d5 3. Bb5 dxe4 4. Ne5 Qd5 5. Bxc6+ bxc6 6. d4 exd3 7. Nf3 Qe4+ 8. Be3 dxc2 9. Qc1 cxb1=Q 10. Rxb1 Ba6 11. b4 O-O-O 12. b5 Bxb5 13. Rxb5 cxb5 14. O-O f6 15.
Nd4 Rxd4 16. Bxd4 Qxd4 17. Qc6 Nh6 18. Qa8+ Kd7 19. Qf3 Ke8 20. Rd1 Qc4 21. Qa3 e6 22. Qxa7 Kf7 23. Qb8 Qc2 24. Rd7+ Be7 0-1

[Event "Early-Titled-Tuesday-Blitz-February-13-2024"]
[Site "Chess.com"]
[Date "2024.02.13"]
[Round "6"]
[White "JiaHaoxiang"]
[Black "Vaathi_Coming"]
[Result "0-1"]
[WhiteElo "2600"]
[BlackElo "2895"]
[TimeControl "180+1"]
[EndTime "9:09:37 PST"]
[Termination "Vaathi_Coming won by resignation"]

1. d4 c6 2. Nf3 d5 3. c4 e6 4. g3 Nf6 5. Bg2 dxc4 6. a4 Bb4+ 7.
Nbd2 O-O 8. O-O b5 9. e3 Bb7 10. Qe2 Nbd7 11. e4 a6 12. e5 Nd5 13.
Ne4 c5 14. Nd6 Bc6 15. axb5 axb5 16. Rxa8 Qxa8 17. Ng5 h6 18. Ngxf7 Rxf7 19. Nxf7 Kxf7 20. Bh3 cxd4 21. Qh5+ Kf8 22. Bxe6 Qe8 23. Qf5+ Ke7 24. Bxd5 Bxd5 25. Qg4 Qf7 26. f4 Bc5 27. Re1 d3+ 28. Kf1 Be6 29. Qf3 Bh3+ 0-1

[Event "Early-Titled-Tuesday-Blitz-February-13-2024"]
[Site "Chess.com"]
[Date "2024.02.13"]
[Round "6"]
[White "ilqar_74"]
[Black "pooh2012"]
[Result "1-0"]
[WhiteElo "2810"]
[BlackElo "2560"]
[TimeControl "180+1"]
[EndTime "9:09:38 PST"]
[Termination "ilqar_74 won on time"]

1. e4 c6 2. Nc3 d5 3. Nf3 Bg4 4. h3 Bxf3 5. Qxf3 e6 6. d4 Nd7 7. Bd3 dxe4 8. Nxe4 Ngf6 9. O-O Be7 10. Ng5 h6 11.
Nxe6 fxe6 12. Bg6+ Kf8 13. Qe2 Nb6 14. Qxe6 Qd5 15.
Qe2 Rd8 16. Re1 Rd7 17. c3 Qc4 18. Qf3 Qd5 19. Qg3 Bd6 20. Bf4 Nc8 21. c4 Qxc4 22. Bf5 Nh5 23. Qh4 Nxf4 24. Bxd7 Ne7 25. Rxe7 g5 26. Re8+ Kf7 27. Qg4 Rxe8 28. Qf5+ Ke7 29. Bxe8 Kxe8 30. Qc8+ 1-0

[Event "Early-Titled-Tuesday-Blitz-February-13-2024"]
[Site "Chess.com"]
[Date "2024.02.13"]
[Round "6"]
[White "BelaKis"]
[Black "fabianvivasz"]
[Result "1-0"]
[WhiteElo "2209"]
[BlackElo "2343"]
[TimeControl "180+1"]
[EndTime "9:09:38 PST"]
[Termination "BelaKis won by resignation"]

1. d4 Nf6 2. c4 g6 3. Nc3 d5 4. cxd5 Nxd5 5. e4 Nxc3 6. bxc3 Bg7 7. Bc4 c5 8. Ne2 O-O 9. Be3 Nc6 10. f3 cxd4 11.
cxd4 Qa5+ 12. Kf2 Rd8 13. h4 Nxd4 14. Nxd4 Bxd4 15. Bxd4 e5 16. Bxf7+ Kxf7 17. Qb3+ Be6 18. Qxb7+ Kg8 19. Be3 Rab8 20. Qe7 Bf7 21. h5 Qc3 22. Bh6 Rd2+ 23. Kg3 Qc2 24. Rag1 Re2 25. Qf6 1-0

[Event "Early-Titled-Tuesday-Blitz-February-13-2024"]
[Site "Chess.com"]
[Date "2024.02.13"]
[Round "6"]
[White "martinmena"]
[Black "Cambek64"]
[Result "0-1"]
[WhiteElo "2109"]
[BlackElo "2508"]
[TimeControl "180+1"]
[EndTime "9:09:38 PST"]
[Termination "Cambek64 won on time"]

1. c4 e5 2. Nc3 Nc6 3. g3 f5 4. Bg2 Nf6 5. d3 Bb4 6. a3 Bxc3+ 7. bxc3 d6 8. Bg5 O-O 9. c5 dxc5 10. Qb3+ Kh8 11. Bxc6 bxc6 12. Nf3 Be6 13. Qxe6 e4 14. dxe4 fxe4 15. Ne5 Qd5 16. Qxd5 cxd5 17. Bxf6 Rxf6 18. Ng4 Re6 19. O-O-O c6 20. Kc2 Rf8 21. Rhf1 h5 22.
Ne3 g5 23. Rb1 Rf7 24. Rb8+ Kg7 25. Nd1 d4 26. cxd4 cxd4 27. Rd8 c5 28. Rc8 Re5 29. Nb2 Ref5 30. Kd1 Rxf2 31. Rxf2 Rxf2 32. Rxc5 Kg6 33. h4 gxh4 34. gxh4 Rf4 35. Rd5 e3 36.
Nd3 Rxh4 37. Ne5+ Kf6 38. Nf3 Rh1+ 39. Kc2 h4 40. Rxd4 h3 41. Rh4 Kf5 42. Kd3 Ra1 43.
Rxh3 Rxa3+ 44. Kd4 Kf4 45. Rh4+ Kg3 46. Re4 Kf2 47. Ng5 Kxe2 48. Nh3 Kf3 0-1

[Event "Early-Titled-Tuesday-Blitz-February-13-2024"]
[Site "Chess.com"]
[Date "2024.02.13"]
[Round "6"]
[White "Sanyura"]
[Black "Ykow"]
[Result "0-1"]
[WhiteElo "2648"]
[BlackElo "2531"]
[TimeControl "180+1"]
[EndTime "9:09:39 PST"]
[Termination "Ykow won by resignation"]

1. Nf3 d5 2. g3 Bg4 3. Bg2 Nd7 4.
O-O e5 5. d3 Ngf6 6. Nbd2 c6 7.
e4 Bd6 8. h3 Bh5 9. Re1 O-O 10.
Nf1 dxe4 11. dxe4 Nc5 12. g4 Bg6 13. N3d2 h5 14. g5 Ne8 15. h4 f6 16. Ng3 fxg5 17.
hxg5 Qxg5 18. Nf3 Qf6 19. Bg5 Qe6 20. Nh4 Bf7 21. Kh2 g6 22. b3 Qd7 23. Bh3 Ne6 24. Bh6 N8g7 25. Bxg7 Kxg7 26. Nxh5+ gxh5 27. Nf5+ Kh8 28. Qxd6 Qxd6 29. Nxd6 Bg8 30. Bf5 Rad8 31. Red1 Nd4 32.
Nxb7 Rb8 33. Nc5 Nxf5 34. exf5 Rxf5 35. Rd2 Rbf8 36. Kg2 Bd5+ 37. Kh2 Rxf2+ 38. Rxf2 Rxf2+ 39. Kg3 Rxc2 40. Nd7 Kg7 41. Nxe5 Kf6 42. Nd7+ Kg5 43. Ne5 h4+ 44. Kh3 Be6+ 0-1

[Event "Early-Titled-Tuesday-Blitz-February-13-2024"]
[Site "Chess.com"]
[Date "2024.02.13"]
[Round "6"]
[White "itsdsyr"]
[Black "HaryKane"]
[Result "0-1"]
[WhiteElo "2325"]
[BlackElo "2578"]
[TimeControl "180+1"]
[EndTime "9:09:39 PST"]
[Termination "HaryKane won by checkmate"]

1. e4 g6 2. d4 Bg7 3. Nf3 d6 4.
Be2 Nf6 5. Nc3 O-O 6. Bg5 h6 7.
Bxf6 Bxf6 8. O-O Nd7 9. Qd2 Bg7 10. Rfe1 c5 11. Bf1 cxd4 12. Nxd4 a6 13. a4 Qb6 14.
Nb3 Nc5 15. Bc4 Qb4 16. Nxc5 Qxc4 17. Nb3 Be6 18. Rad1 Rfc8 19. Re3 b5 20. Nd5 Bxd5 21. exd5 Qxc2 22. Qxc2 Rxc2 23. Rxe7 bxa4 24. Na5 Bxb2 25. h4 a3 26. Nb3 Rb8 27. Na1 Bxa1 28. Rxa1 a2 29. Ree1 Rbb2 30. Rf1 Kg7 31. g3 Kf6 32. Kg2 Ke5 33. Rae1+ Kxd5 34. Rd1+ Kc5 35. Ra1 d5 36.
Kf3 a5 37. Ke3 a4 38. f4 Rb3# 0-1

[Event "Early-Titled-Tuesday-Blitz-February-13-2024"]
[Site "Chess.com"]
[Date "2024.02.13"]
[Round "6"]
[White "tylityli"]
[Black "Durarbayli"]
[Result "0-1"]
[WhiteElo "2303"]
[BlackElo "2909"]
[TimeControl "180+1"]
[EndTime "9:09:40 PST"]
[Termination "Durarbayli won by resignation"]

1. d4 d5 2. c4 c6 3. cxd5 cxd5 4. Bf4 Nc6 5. e3 Nf6 6. Nc3 a6 7. Bd3 Bg4 8. Nge2 e6 9. O-O Bd6 10. f3 Bh5 11. Rc1 O-O 12. a3 Bg6 13. b4 e5 14. Bg5 exd4 15. exd4 Re8 16. Bxg6 hxg6 17.
Bf4 Nh5 18. Bxd6 Qxd6 19. Qd2 Ne7 20. Rfe1 Rac8 21. Qg5 Kf8 22. g4 Nf6 23. Qf4 Qb6 24.
Na4 Qb5 25. Nc5 b6 26. Nb7 Rxc1 27.
Nxc1 Qd7 28. Nd6 Rd8 29. g5 Qxd6 30. Qxd6 Rxd6 31. gxf6 gxf6 32. Kf2 Rc6 33. Ne2 Nf5 34. Rd1 Rc2 35. Kf1 Ne3+ 0-1

[Event "Early-Titled-Tuesday-Blitz-February-13-2024"]
[Site "Chess.com"]
[Date "2024.02.13"]
[Round "6"]
[White "AlexeiShirov"]
[Black "PabloZarnicki"]
[Result "1-0"]
[WhiteElo "2837"]
[BlackElo "2639"]
[TimeControl "180+1"]
[EndTime "9:09:41 PST"]
[Termination "AlexeiShirov won on time"]

1. e4 e5 2. Nf3 Nf6 3. Nxe5 d6 4.
Nf3 Nxe4 5. d4 d5 6. Bd3 Nc6 7. O-O Be7 8. Nbd2 Bf5 9. Re1 Nxd2 10. Qxd2 Bxd3 11. Qxd3 O-O 12. Bf4 Bf6 13. g3 Qd7 14. h4 a6 15. Bg5 Qd6 16. c3 h6 17.
Bxf6 Qxf6 18. Ne5 Rfe8 19. Nd7 Qd6 20. Nc5 Na5 21. b4 b6 22. Nxa6 Nc4 23. b5 c6 24. a4 cxb5 25. axb5 Rxe1+ 26. Rxe1 Qd7 27. Nb4 Qxb5 28. Qf5 Re8 29. Rxe8+ Qxe8 30. Nxd5 Qe1+ 31. Kg2 Nd2 32. Ne3 Qc1 33. c4 g6 34. Qc8+ Kg7 35.
Qc7 Qb1 36. Qe5+ Kh7 37. d5 Qe4+ 38. Qxe4 Nxe4 39. Kf3 Nd6 40. g4 Kg7 41. g5 hxg5 42.
hxg5 f6 43. Kf4 Kf7 44. gxf6 Kxf6 45. Ng4+ Ke7 46. Ne5 1-0

[Event "Early-Titled-Tuesday-Blitz-February-13-2024"]
[Site "Chess.com"]
[Date "2024.02.13"]
[Round "6"]
[White "sharkarton"]
[Black "chipmunknau"]
[Result "0-1"]
[WhiteElo "2541"]
[BlackElo "2725"]
[TimeControl "180+1"]
[EndTime "9:09:41 PST"]
[Termination "chipmunknau won on time"]

1. e4 c5 2. Nf3 d6 3. d4 cxd4 4. Nxd4 Nf6 5. Nc3 g6 6. Be3 Bg7 7. f3 O-O 8. Qd2 Nc6 9. O-O-O Nxd4 10. Bxd4 Be6 11. Kb1 Qc7 12. g4 Rfc8 13. h4 Qa5 14.
a3 Rab8 15. h5 b5 16. Qg5 d5 17. exd5 b4 18. axb4 Rxb4 19. hxg6 hxg6 20. f4 Ne4 21. Nxe4 Bxd4 22. c3 Rxc3 23. Rxd4 Rc1+ 24. Kxc1 Qa1+ 25. Kd2 Qxb2+ 26. Ke1 Qxd4 27. Be2 Qxe4 28. Qh6 Rb1+ 29. Kf2 Rxh1 0-1

[Event "Early-Titled-Tuesday-Blitz-February-13-2024"]
[Site "Chess.com"]
[Date "2024.02.13"]
[Round "6"]
[White "krzyzan94"]
[Black "sergoy"]
[Result "1/2-1/2"]
[WhiteElo "2797"]
[BlackElo "2966"]
[TimeControl "180+1"]
[EndTime "9:09:43 PST"]
[Termination "Game drawn by repetition"]

1. Nf3 d5 2. g3 g6 3. Bg2 Bg7 4.
c4 c6 5. O-O e5 6. cxd5 cxd5 7.
d4 e4 8. Ne1 Ne7 9. Nc3 Nbc6 10. Nc2 h5 11. f3 h4 12. fxe4 dxe4 13. Nxe4 hxg3 14. hxg3 Bh3 15. Bg5 Bxg2 16. Kxg2 Qd5 17. Rf4 Nf5 18. Qd3 f6 19. Qf3 O-O-O 20. Nxf6 Qc4 21.
Ne3 Nxe3+ 22. Qxe3 Bxf6 23. Bxf6 Rde8 24. Be5 Qe6 25.
Rg1 Qh3+ 26. Kf2 g5 27. Rf6 Re7 28. Qe4 Nxe5 29. dxe5 Kb8 30. e6 Rhe8 31. Qe5+ Ka8 32. Rc1 Qh2+ 33. Ke3 a6 34. Rc7 Qg1+ 35. Ke4 Qg2+ 36.
Ke3 Qg1+ 37. Ke4 Qg2+ 38. Kd4 Qg1+ 39. Ke4 1/2-1/2

[Event "Early-Titled-Tuesday-Blitz-February-13-2024"]
[Site "Chess.com"]
[Date "2024.02.13"]
[Round "6"]
[White "Kostukov_Alex"]
[Black "DvaHrasta"]
[Result "0-1"]
[WhiteElo "2253"]
[BlackElo "2493"]
[TimeControl "180+1"]
[EndTime "9:09:43 PST"]
[Termination "DvaHrasta won on time"]

1. g3 d5 2. Bg2 c5 3. d3 Nc6 4. e4 dxe4 5. dxe4 Qxd1+ 6. Kxd1 Bg4+ 7. f3 O-O-O+ 8. Nd2 Bh5 9. c3 e5 10. g4 Bg6 11. h4 h5 12. g5 f5 13. Bh3 Nge7 14. Ne2 Kc7 15. Ke1 f4 16. a3 Bf7 17. b4 Ng6 18.
Bf1 Be7 19. Bb2 Rd3 20. Nc1 Re3+ 21. Kd1 Rd8 22. Kc2 a6 23. Rh2 b5 24. bxc5 Bxc5 25.
Ncb3 Bb6 26. a4 b4 27. Nc4 Rxf3 28. Nxb6 Kxb6 29. a5+ Ka7 30. Nc5 Rc8 31. Nd7 bxc3 32.
Nb6 Nd4+ 33. Kb1 Rxf1+ 34. Bc1 Rc5 0-1

[Event "Early-Titled-Tuesday-Blitz-February-13-2024"]
[Site "Chess.com"]
[Date "2024.02.13"]
[Round "6"]
[White "lluiss"]
[Black "Zampronha1971"]
[Result "1/2-1/2"]
[WhiteElo "2155"]
[BlackElo "2310"]
[TimeControl "180+1"]
[EndTime "9:09:43 PST"]
[Termination "Game drawn - insufficient material"]

1. e4 c5 2. Nf3 e6 3. d4 cxd4 4.
Nxd4 Nc6 5. Nc3 Qc7 6. g3 a6 7. Bg2 Nf6 8. O-O Be7 9. Bf4 d6 10. Nxc6 bxc6 11. e5 Nd5 12. exd6 Bxd6 13. Bxd6 Qxd6 14.
Ne4 Qc7 15. c4 Nf6 16. Nxf6+ gxf6 17. Qf3 Ke7 18. Qxc6 Qxc6 19. Bxc6 Rb8 20. b3 Bb7 21. Bxb7 Rxb7 22. Rfd1 a5 23. Rd3 a4 24. Rad1 Rhb8 25. bxa4 Ra8 26. c5 Rxa4 27. c6 Rc7 28. Rd7+ Rxd7 29. cxd7 Kd8 30. Rd2 f5 31. Kf1 f6 32.
Ke2 e5 33. Kd1 f4 34. gxf4 Rxf4 35. Ke2 Rh4 36. Kf3 Rxh2 37. Ke4 Rh4+ 38. Kf5 Rf4+ 39. Ke6 Rd4 40. Rb2 Rxd7 41. Rb8+ Kc7 42. Rf8 Rd6+ 43.
Kf5 Rd2 44. Rxf6 Rxf2+ 45. Kxe5 Rxf6 46. Kxf6 h5 47. Kg5 Kb6 48. Kxh5 Kb5 49. Kh4 Ka4 50. Kh5 Ka3 51. Kh4 Kxa2 1/2-1/2

[Event "Early-Titled-Tuesday-Blitz-February-13-2024"]
[Site "Chess.com"]
[Date "2024.02.13"]
[Round "6"]
[White "akanga001"]
[Black "marik_spb"]
[Result "0-1"]
[WhiteElo "2021"]
[BlackElo "2480"]
[TimeControl "180+1"]
[EndTime "9:09:44 PST"]
[Termination "marik_spb won by resignation"]

1. d4 Nf6 2. c4 e6 3. Nc3 Bb4 4. e3 O-O 5. Bd3 c5 6. a3 Bxc3+ 7. bxc3 d6 8. Ne2 Nc6 9. O-O b6 10. e4 e5 11. Bg5 h6 12. Bh4 g5 13. Bg3 Ba6 14. f3 Qe8 15. Bf2 Na5 16. Ng3 Bxc4 17.
Qe2 Bxd3 18. Qxd3 Kh7 19. Nf5 Qe6 20. d5 Qd7 21. c4 Nh5 22. g3 Ng7 23. Ne3 Rab8 24.
Be1 Qa4 25. Bxa5 Qxa5 26. h4 b5 27. hxg5 hxg5 28. Kg2 bxc4 29. Nxc4 Qa6 30. f4 f6 31. fxe5 fxe5 32. Nxe5 Qxd3 33. Nxd3 Rxf1 34. Rxf1 Rb3 35. Nf2 Rxa3 36. Ng4 Nh5 37. Rh1 Rxg3+ 38. Kf2 Rxg4 39. Rxh5+ Kg6 40. Rh8 Rxe4 41. Ra8 Re5 42. Rxa7 Rxd5 43. Ra6 Kf5 44. Kf3 Rd3+ 45. Ke2 c4 46. Ra8 d5 47.
Rf8+ Ke5 48. Re8+ Kd4 49. Rg8 Rg3 50. Kf2 Rg4 51. Kf3 Re4 52. Rxg5 c3 53. Rg8 Kd3 54. Rc8 Rc4 55. Rd8 d4 56. Kf2 c2 0-1